 Dungeon Crawl Stone Soup version 0.29-a0-270-g1586fc07ea (webtiles) character file.

Game seed: 14625864383849114581

88 enile the Gusty (level 4, -1/26 HPs)
             Began as a Tengu Air Elementalist on Mar 8, 2022.
             Was a Follower of Qazlal.
             Slain by Crazy Yiuf
             ... wielding a +2 quarterstaff of chaos
              (11 damage)
             ... on level 3 of the Dungeon.
             The game lasted 00:02:49 (3401 turns).

enile the Gusty (Tengu Air Elementalist)            Turns: 3401, Time: 00:02:49

Health: -1/26      AC:  6    Str:  9    XL:     4   Next: 53%
Magic:  7/9        EV: 17    Int: 17    God:    Qazlal [*.....]
Gold:   125        SH:  2    Dex: 14    Spells: 3/9 levels left

rFire   . . .      SeeInvis .   c - +2 dagger (freeze)
rCold   . . .      Faith    .   (no shield)
rNeg    . . .      Spirit   .   a - +1 robe
rPois   .          Reflect  .   (helmet restricted)
rElec   .          Harm     .   o - +2 cloak
rCorr   .          Rampage  .   (no gloves)
Will    .....                   (boots unavailable)
Stlth   ++........              (no amulet)
HPRegen 0.08/turn               (no ring)
MPRegen 0.11/turn               (no ring)

@: mighty, agile, swift (expiring), quick
A: beak, talons 3
a: Renounce Religion


You were on level 3 of the Dungeon.
You worshipped Qazlal.
Qazlal was aware of your devotion.
You visited 1 branch of the dungeon, and saw 3 of its levels.

You collected 125 gold pieces.

Inventory:

Hand Weapons
 c - a +2 dagger of freezing (weapon)
Armour
 a - a +1 robe (worn)
 o - a +2 cloak (worn)
Wands
 j - a wand of charming (7)
Scrolls
 d - 3 scrolls of teleportation
 e - a scroll of amnesia
 f - a scroll of blinking
 l - a scroll of enchant weapon {unknown}
 n - a scroll of acquirement {unknown}
 s - a scroll of immolation {unknown}
Potions
 b - a potion of magic
 g - a potion of curing {unknown}
 i - a potion of lignification {unknown}
 k - a potion of attraction {unknown}
 m - 2 potions of cancellation {unknown}
 q - a potion of mutation {unknown}
 r - a potion of heal wounds {unknown}


   Skills:
 - Level 2.0 Fighting
 - Level 2.1 Dodging
 - Level 2.0 Stealth
 - Level 3.0 Spellcasting
 - Level 1.3 Conjurations
 + Level 5.2 Air Magic


You had 3 spell levels left.
You knew the following spells:

 Your Spells              Type           Power      Damage    Failure   Level
a - Shock                 Conj/Air       52%        1d6       4%          1
b - Static Discharge      Conj/Air       13%        N/A       7%          2
c - Swiftness             Air            20%        N/A       6%          3

Your spell library contained the following spells:

 Spells                   Type           Power      Damage    Failure   Level
 Magic Dart               Conj           28%        1d4       10%         1
 Searing Ray              Conj           14%        2d5       16%         2
 Airstrike                Air            10%        N/A       21%         4
 Fulminant Prism          Conj/Hex       2%         3d6       78%         4


Dungeon Overview and Level Annotations

Branches:
Dungeon (3/15)

Altars:
Qazlal

Shops:
D:3 (

Annotations:
D:3 Crazy Yiuf


Innate Abilities, Weirdness & Mutations

You have a beak for a mouth.
You have claws for feet.


Message History

You see here a +0 club.
Could not explore, unopened runed door.
As you read the scroll of enchant armour, it crumbles to dust.
Your +0 robe glows green for a moment.
Casting: Shock (safe; 4% risk of failure)
Confirm with . or Enter, or press ? or * to list all spells.
You feel quick.
You open the door. You hit Crazy Yiuf but do no damage.
Crazy Yiuf barely misses you.
You hit Crazy Yiuf. You freeze Crazy Yiuf. Your peck misses Crazy Yiuf.
Crazy Yiuf is lightly wounded.
Crazy Yiuf barely misses you.
You hit Crazy Yiuf. You freeze Crazy Yiuf.
Crazy Yiuf is moderately wounded.
Crazy Yiuf closely misses you.
You hit Crazy Yiuf but do no damage. You claw Crazy Yiuf, but do no damage.
Crazy Yiuf is moderately wounded.
Crazy Yiuf hits you with a +2 quarterstaff of chaos.
Crazy Yiuf freezes you.
You barely miss Crazy Yiuf. Your peck misses Crazy Yiuf.
Crazy Yiuf is moderately wounded.
Crazy Yiuf hits you with a +2 quarterstaff of chaos.
You feel agile all of a sudden.
You hit Crazy Yiuf. You freeze Crazy Yiuf. Your peck misses Crazy Yiuf.
Your punch misses Crazy Yiuf.
Crazy Yiuf is heavily wounded.
You block Crazy Yiuf's attack.
You closely miss Crazy Yiuf. Your kick misses Crazy Yiuf.
Crazy Yiuf is heavily wounded.
Crazy Yiuf barely misses you.
You hit Crazy Yiuf. You freeze Crazy Yiuf.
You peck Crazy Yiuf, but do no damage.
Crazy Yiuf is almost dead.
You start to feel a little slower.
Crazy Yiuf hits you with a +2 quarterstaff of chaos!
You feel very mighty all of a sudden.
You closely miss Crazy Yiuf.
Crazy Yiuf is almost dead.
Crazy Yiuf hits you with a +2 quarterstaff of chaos!
You die...

# #.########## #
#...)......# #
###.#####..# #
#...# ####
####.### .....#
####### ######
### ###.#...###
#...##..#......##
#...g@####......#
##########
#)..### ##..#..#
.........# ###
#####.#
########## #..# #
#.####### # #####
####........ #
#...#
#...######## #
###.#.# ###.# # #
#..∩..# #.# #


You could see Crazy Yiuf.

Vanquished Creatures
  An iguana (D:3)
  An adder (D:3)
  A worm (D:3)
  4 ball pythons
  6 bats
  5 endoplasms
  3 giant cockroaches
  7 goblins
  6 hobgoblins
  5 kobolds
  A quokka (D:1)
  3 frilled lizards (D:1)
  4 rats
47 creatures vanquished.

Notes
Turn   | Place    | Note
-------+----------+-------------------------------------------
     0 | D:1      | enile the Tengu Air Elementalist began the quest for the
                  | Orb.
     0 | D:1      | Reached XP level 1. HP: 10/10 MP: 4/4
   124 | D:1      | Reached skill level 1 in Fighting
   209 | D:1      | Reached XP level 2. HP: 16/16 MP: 4/6
   983 | D:2      | Reached XP level 3. HP: 21/21 MP: 5/7
  1057 | D:2      | Learned a level 2 spell: Static Discharge
  1504 | D:2      | Found a faded altar of an unknown god.
  1596 | D:2      | Prayed at the altar of an unknown god.
  1596 | D:2      | Became a worshipper of Qazlal Stormbringer
  1596 | D:2      | Reached * piety under Qazlal
  2190 | D:3      | Reached XP level 4. HP: 26/26 MP: 4/9
  2311 | D:3      | Found a runed translucent door.
  2312 | D:3      | Noticed Crazy Yiuf
  2397 | D:3      | Reached skill level 5 in Air Magic
  2612 | D:3      | Found Ohodooh's Antique Weapon Emporium.
  3338 | D:3      | Learned a level 3 spell: Swiftness
  3401 | D:3      | Slain by Crazy Yiuf

Illustrated notes

Levels and vault maps discovered:
D:1:      amcnicky_arrival_double_pillar, layout_loops_ring
D:2:      layout_basic, shapermc_ecumenical_altar_mp_vishouse,
          minmay_misc_feat_encased
D:3:      layout_loops_ring, serial_shops, nicolae_shop_crystal,
          uniq_crazy_yiuf_cottage

Skill      XL: |  1  2  3  4 |
---------------+-------------+-----
Fighting       | 1 2 |  2.0
Spellcasting   | 3 |  3.0
Air Magic      | 5 |  5.2
Dodging        | |  2.1
Stealth        | |  2.0
Conjurations   | |  1.3

Action                   |  1- 3 |  4- 6 || total
-------------------------+-------+-------++-------
Melee: Dagger            |     9 |    11 ||    20
       Kick              |     2 |     1 ||     3
       Peck              |     1 |     1 ||     2
 Cast: Shock             |    75 |    18 ||    93
       Static Discharge  |     3 |       ||     3
       Swiftness         |       |     1 ||     1
  Use: Scroll            |       |     5 ||     5
 Stab: Sleeping          |     1 |       ||     1
Armor: Robe              |     2 |       ||     2
Dodge: Dodged            |     7 |     4 ||    11
Block: Other             |       |     1 ||     1

Table legend: (Time is in decaauts)
 A = Elapsed time spent in this place.
 B = Non-inter-level travel time spent in this place.
 C = Inter-level travel time spent in this place.
 D = Time resting spent in this place.
 E = Time spent auto-exploring this place.
 F = Levels seen in this place.
 G = Mean time per level.
                   A        B        C        D        E       F      G
               +--------+--------+--------+--------+--------+-----+--------+
         Total |   3400 |   3101 |    299 |      0 |   2856 |   3 | 1133.3 |
       Dungeon |   3400 |   3101 |    299 |      0 |   2856 |   3 | 1133.3 |
               +--------+--------+--------+--------+--------+-----+--------+

Top non-repeatable levels by time:
     D:3: 1271 daAuts
     D:2: 1150 daAuts
     D:1: 977 daAuts
